 Dungeon Crawl Stone Soup version 0.27-a0-1559-g299f9947c5 (webtiles) character file.

Game seed: 13425015163776207108

18 DocSulfur the Insei (level 2, -6/23 HPs)
             Began as a Djinni Transmuter on July 16, 2021.
             Killed from afar by Natasha (7 damage)
             ... with a magic dart
             ... on level 2 of the Dungeon.
             The game lasted 00:20:12 (1135 turns).

DocSulfur the Insei (Djinni Transmuter)             Turns: 1135, Time: 00:20:12

Health: -6/23      AC:  2    Str:  9    XL:     2   Next: 90%
Gold:   36         EV: 12    Int: 14    God:
                   SH:  0    Dex: 13

rFire    + + +     SeeInvis .     - Unarmed
rCold    x . .     Faith    .   (no shield)
rNeg     . . .     Spirit   .   a - +0 robe
rPois    ∞         Reflect  .   (helmet currently unavailable)
rElec    .         Harm     .   (no cloak)
rCorr    .         Rampage  .   (no gloves)
Will     .....                  (boots unavailable)
Stlth    +.........             (no amulet)
HPRegen  0.07/turn              n - ring of protection from fire
MPRegen  0.00/turn              (no ring)

@: appendages (expiring), flying, slowed, very slow
A: horns 2, flying, sickness immunity, fire resistance 2, cold vulnerability 1,
float, innate caster, hp casting, extra vitality 1
a: End Transformation


You were on level 2 of the Dungeon.
You had temporarily grown beastly horns.
You visited 1 branch of the dungeon, and saw 2 of its levels.

You collected 36 gold pieces.

Inventory:

Hand Weapons
 i - a +0 dagger
Missiles
 e - 15 bolts
 h - 38 stones (quivered)
Armour
 a - a +0 robe (worn)
 k - a +0 buckler
 o - a +0 kite shield
Jewellery
 n - a ring of protection from fire (left hand)
Scrolls
 d - a scroll of teleportation {unknown}
 f - a scroll of identify {unknown}
 g - a scroll of blinking {unknown}
 l - a scroll of magic mapping {unknown}
 m - a scroll of fear {unknown}
Potions
 b - a potion of cancellation {unknown}
 c - a potion of curing {unknown}
 j - a potion of berserk rage {unknown}


   Skills:
 * Level 1.7 Fighting
 - Level 2.2 Dodging
 * Level 3.3 Unarmed Combat
 + Level 1.7 Spellcasting


You couldn't memorise any spells.
You knew the following spells:

 Your Spells              Type           Power      Damage    Failure   Level
a - Beastly Appendage     Tmut           12%        N/A       12%         1
b - Wereblood             Tmut           6%         N/A       19%         2
c - Spider Form           Tmut/Pois      3%         N/A       34%         3
d - Ice Form              Ice/Tmut       6%         N/A       75%         4
Your spell library was empty.

Dungeon Overview and Level Annotations

Branches:
Dungeon (2/15)

Altars:

Annotations:
D:2 Natasha


Innate Abilities, Weirdness & Mutations

You have temporarily grown beastly horns.
You are flying.
You are immune to sickness and miasma.
You are immune to poison.
Your flesh is very heat resistant. (rF++)
You are vulnerable to cold. (rC-)
You float through the air rather than walking.
You learn spells naturally, not from books.
Your magical power is your life essence.
You have superior vitality. (+4 HP)


Message History

There is an escape hatch in the ceiling here.
A mysterious force pulls you upwards. The hatch slams shut behind you.
There is a stone staircase leading down here.
You fly downwards.
Natasha hisses angrily.
Natasha stares at you and mumbles some strange words.
You feel yourself slow down.
There is a stone staircase leading up here.
Throw: 39 stones
Press: ? - help, Q - select action, (/) - cycle Shift-Dir - straight line, f - Natasha
Aim: Natasha (47% to hit)
You throw a stone.
The stone hits Natasha but does no damage.
Casting: Beastly Appendage (safe; 12% risk of failure)
Confirm with . or Enter, or press ? or * to list all spells.
You grow a pair of large bovine horns.
Natasha mewls in sadness.
You hit Natasha.
Natasha is lightly wounded.
Natasha closely misses you.
You hit Natasha but do no damage.
Natasha is lightly wounded.
Natasha mewls in sadness.
Natasha closely misses you. x2
You hit Natasha. Your headbutt misses Natasha.
Natasha is moderately wounded.
Natasha closely misses you.
You closely miss Natasha.
Natasha is moderately wounded.
Your transformation is almost over.
Natasha claws you!
* * * LOW HITPOINT WARNING * * *
Natasha closely misses you.
You barely miss Natasha.
Natasha is moderately wounded.
Natasha claws you.
* * * LOW HITPOINT WARNING * * *
Natasha casts a spell at you. The magic dart hits you!
You die...

# ..(######.#
#....h@..#
#########..#
..# ..# #.# ..#
## #.# ......
#.# .#$... #.#
###...... #
#.#####<.......
#.
#...†..........


You could see Natasha.

Vanquished Creatures
  3 bats
  3 endoplasms (D:1)
  A goblin (D:1)
  A hobgoblin (D:1)
  3 jackals (D:1)
  2 frilled lizards (D:1)
  3 rats (D:1)
16 creatures vanquished.

Notes
Turn   | Place    | Note
-------+----------+-------------------------------------------
     0 | D:1      | DocSulfur the Djinni Transmuter began the quest for the
                  | Orb.
     0 | D:1      | Reached XP level 1. HP: 17/17 MP: 0/0
   161 | D:1      | Reached XP level 2. HP: 12/22 MP: 0/0
   473 | D:1      | Found a faded altar of an unknown god.
  1127 | D:2      | Noticed Natasha
  1134 | D:2      | HP: 1/23 [Natasha (5)]
  1135 | D:2      | Killed from afar by Natasha

Illustrated notes

Levels and vault maps discovered:
D:1:      erik_arrival_blinker_ship, layout_basic,
          dreamdust_ecumenical_altar_grove, minmay_box_of_dots
D:2:      layout_loops_ring, minmay_door_square, st_stairs_11, uniq_natasha

Action                   || total
-------------------------++-------
Melee: Unarmed           ||    60
       Headbutt          ||    11
Throw: Stone             ||     9
 Cast: Beastly Appendage ||    15
Armor: Robe              ||    11
Dodge: Dodged            ||    39

Table legend: (Time is in decaauts)
 A = Elapsed time spent in this place.
 B = Non-inter-level travel time spent in this place.
 C = Inter-level travel time spent in this place.
 D = Time resting spent in this place.
 E = Time spent auto-exploring this place.
 F = Levels seen in this place.
 G = Mean time per level.
                   A        B        C        D        E       F      G
               +--------+--------+--------+--------+--------+-----+--------+
         Total |   1135 |   1133 |      2 |      0 |    273 |   2 |  567.5 |
       Dungeon |   1135 |   1133 |      2 |      0 |    273 |   2 |  567.5 |
               +--------+--------+--------+--------+--------+-----+--------+

Top non-repeatable levels by time:
     D:1: 981 daAuts
     D:2: 153 daAuts
